Unix NetHack Version 5.0.0-0 post-release - last build May 10 2026 23:12:36 (d1fa5d53e341ca933230fdaa984d921c805b60aa,branch:main).

Game began 2026-05-15 14:51:36, ended 2026-05-15 15:40:09.

Drastanta, lawful female human Samurai

                   -----
                   |.<.|                          ---------------
                   |...-#                         |..{.o.....F..|
                   ---+-#                         |........q....|
                        #                         |......d@q....|
                        #                         ..............|
                        ##                        |.............-
                       ####                       ---.-----------
                         #0                        ####
                         ##                         #
                          ##       #                #
                          #        #   #    #     ####
                          #   --.--##########      [
                          #   |...|#      ## ------.-----
                          #   |...|#       ##|..........|
                          ####-....#        #|..........|
                              -----#        #-..........|
                            ########         ------------

Drastanta the Kunoichi  St:13 Dx:16 Co:18 In:9 Wi:9 Ch:10  Lawful
Dlvl:5  $:151 HP:0(62) Pw:21(21) AC:4  Xp:6 T:3127  Burdened

Latest messages:
 You hit the gnome lady.
 The gnome lady drinks a swirly potion!
 The gnome lady looks much better.
 You hit the gnome lady.
 The gnome lady hits!
 You hit the gnome lady!
 The gnome lady hits!
 You hit the gnome lady!
 The gnome lady hits!
 You kill the gnome lady!
 There is a gnome corpse here; eat it? [ynq] (n) y
 This gnome corpse tastes terrible!
 You hear someone counting gold coins.
 You finish eating the gnome corpse.
 You see here a chest.
 You see here a chest.
 You learn more about your items by comparing them.
 You have a little trouble removing g - an uncursed scroll labeled VELOX NEB (2 in total).
 U - 2 potions of healing.
 You have no ammunition readied.
 What do you want to fire? [$bdu or ?*] d
 You ready: d - 34 +0 ya.
 c - a +0 yumi (weapon in right hand).
 a - a +0 katana (alternate weapon; not wielded).
 In what direction? 6
 You shoot 2 ya.
 The 1st ya hits the rothe!
 The 2nd ya hits the rothe.
 a - a +0 katana (weapon in right hand).
 c - a +0 yumi (alternate weapon; not wielded).
 The rothe hits!
 The rothe just misses!
 The rothe misses!
 You miss the rothe.
 The rothe misses!
 The rothe bites!
 The rothe bites again!
 You hit the rothe!
 The rothe hits!
 The rothe bites!
 The rothe bites again!
 The rothe misses!
 The rothe bites!
 The rothe bites again!
 You die...
 Do you want your possessions identified? [ynq] (y) y
 Do you want to see your attributes? [ynq] (y) y
 Do you want an account of creatures vanquished? [ynaq] (y) y
 Do you want to see your conduct and achievements? [ynq] (y) y
 Do you want to see the dungeon overview? [ynq] (y) y

Inventory:
 Coins    ('$')
  $ - 151 gold pieces
 Weapons  (')')
  d - 32 +0 ya (in quiver)
  c - a +0 yumi (alternate weapon; not wielded)
  u - 6 blessed +1 shuriken
  a - a +0 katana (weapon in right hand)
  b - a +0 wakizashi
 Armor    ('[')
  F - an uncursed +0 dwarvish iron helm
  G - an uncursed +0 pair of iron shoes
  z - an uncursed +0 pair of water walking boots
  p - an uncursed +0 alchemy smock with text "If you can't stand the heat, get out of Gehennom!"
  e - an uncursed rustproof +0 splint mail (being worn)
 Scrolls  ('?')
  t - an uncursed scroll of destroy armor
  g - 2 uncursed scrolls of enchant weapon
  Q - an uncursed scroll of identify
  x - an uncursed scroll of light
  K - a cursed scroll of light
  v - 2 uncursed scrolls of magic mapping
  S - a cursed scroll of teleportation
 Spellbooks  ('+')
  O - an uncursed spellbook of charm monster
  h - an uncursed spellbook of healing
 Potions  ('!')
  m - an uncursed potion of extra healing
  T - an uncursed potion of fruit juice
  D - an uncursed potion of gain ability
  l - an uncursed potion of gain level
  i - a blessed potion of healing
  n - an uncursed potion of healing
  U - 2 cursed potions of healing
  N - an uncursed potion of monster detection
  w - a blessed potion of sake
 Rings    ('=')
  R - an uncursed ring of invisibility
 Wands    ('/')
  A - a wand of cancellation (0:6)
  L - a wand of polymorph (0:6)
  C - a wand of striking (0:4)
  E - a wand of teleportation (0:4)
 Tools    ('(')
  k - an empty uncursed sack
  J - an uncursed oil lamp

Drastanta the Samurai's attributes:

Background:
 You were a Kunoichi, a level 6 female human Samurai.
 You were lawful, on a mission for Amaterasu Omikami
 who was opposed by Raijin (neutral) and Susanowo (chaotic).
 You were right-handed.
 You were in the Dungeons of Doom, on level 5.
 You entered the dungeon 3127 turns ago.
 You had 546 experience points, 94 more were needed to attain level 7.

Basics:
 You had 0 out of 62 hit points.
 You had all 21 energy points (spell power).
 Your armor class was 4.
 Your wallet contained 151 zorkmids.
 Autopickup was off.

Final Characteristics:
 Your strength was 13 (limit:18/100).
 Your dexterity was 16 (limit:18).
 Your constitution was 18 (limit:18).
 Your intelligence was 9 (limit:18).
 Your wisdom was 9 (limit:18).
 Your charisma was 10 (limit:18).

Final Status:
 You weren't hungry.
 You were burdened; movement was slightly slowed.
 You were wielding a long sword.
 You were skilled in long sword.

Final Attributes:
 You were piously aligned.
 You were telepathic.
 You were warded.
 Your spell casting was impaired by metallic armor.
 You were fast.
 You are dead.

Miscellaneous:
 You didn't encounter any bones levels.
 Total elapsed playing time was 48 minutes and 33 seconds.

Major events:
 Turn
    1: Drastanta the lawful female human Samurai entered the dungeon
  991: entered the Gnomish Mines
  997: attained the rank of Ronin (level 3)
 1634: reached Mine Town
 1796: attained the rank of Kunoichi (level 6)
 3127: killed by a rothe

Spells:
 Name                 Level Category     Fail Retention
 healing                1   healing      100%  76%-100%

Skills:
 Fighting Skills
   martial arts      [Basic]
   two weapon combat [Unskilled]
   riding            [Unskilled]
 Weapon Skills
   dagger            [Unskilled]
   knife             [Unskilled]
   short sword       [Basic]
   broadsword        [Unskilled]
   long sword        [Skilled]
   two-handed sword  [Unskilled]
   saber             [Unskilled]
   flail             [Unskilled]
   quarterstaff      [Unskilled]
   polearms          [Unskilled]
   spear             [Unskilled]
   lance             [Unskilled]
   bow               [Basic]
   shuriken          [Unskilled]
 Spellcasting Skills
   attack spells     [Unskilled]
   divination spells [Unskilled]
   clerical spells   [Unskilled]

Voluntary challenges:
 Character rerolling was not enabled.
 You never genocided any monsters.
 You never polymorphed an object.
 You never changed form.
 You used no wishes.
Achievements:
 You entered a shop.
 You entered the Gnomish Mines.
 You attained the rank of Ronin.
 You entered Minetown.
 You entered a temple.
 You attained the rank of Kunoichi.

 The Dungeons of Doom: levels 1 to 5
    Level 1:
       An altar to Amaterasu Omikami, a fountain.
    Level 2:
       A potion shop.
    Level 3:
       A fountain.
       Stairs down to The Gnomish Mines.
    Level 4:
       A sink.
    Level 5: <- You were here.
       A fountain.
       Final resting place for
          you, killed by a rothe.
 The Gnomish Mines: levels 4 to 6
    Level 4:
    Level 5:
    Level 6:
       A temple and an altar, some fountains.


Vanquished creatures:
  a leprechaun
  a dingo
  a gnome mummy
  a human zombie
  2 fog clouds
  a violet fungus
  6 gnome leaders
  2 gnomish wizards
  4 giant ants
  a little dog
  a floating eye
  a dwarf
  a monkey
  a dwarf zombie
  a wererat
  2 iguanas
 an acid blob
  a large kobold
  2 giant rats
  2 brown molds
 21 gnomes
  4 geckos
  a jackal
  5 kobolds
  2 goblins
  3 sewer rats
  a grid bug
  a bat
  3 lichens
  3 newts
77 creatures vanquished.

No species were genocided or became extinct.

Game over:
                       ----------
                      /          \
                     /    REST    \
                    /      IN      \
                   /     PEACE      \
                  /                  \
                  |    Drastanta     |
                  |      151 Au      |
                  |   killed by a    |
                  |      rothe       |
                  |                  |
                  |                  |
                  |       2026       |
                 *|     *  *  *      | *
        _________)/\\_//(\/(/\)/\//\/|_)_______

Sayonara Drastanta the Samurai...

You died in The Dungeons of Doom on dungeon level 5 with 2580 points,
and 151 pieces of gold, after 3127 moves.
You were level 6 with a maximum of 62 hit points when you died.

